 Dungeon Crawl Stone Soup version 0.17.1-1-g73c8601 (webtiles) character file.

151 shmeve the Skirmisher (level 5, -5/70 HPs)
             Began as a Draconian Berserker on Apr 15, 2016.
             Was a Believer of Trog.
             Slain by a scorpion (6 damage)
             ... on level 3 of the Dungeon.
             The game lasted 00:04:59 (2685 turns).

shmeve the Skirmisher (Draconian Berserker)         Turns: 2685, Time: 00:04:59

Health: -5/70      AC:  5    Str: 25    XL:     5   Next: 11%
Magic:  5/5        EV: 13    Int:  8    God:    Trog [**....]
Gold:   116        SH:  0    Dex: 10    Spells: 0 memorised, 4 levels left

rFire  . . .     SeeInvis .     a - +0 hand axe
rCold  . . .     Clarity  .     (armour unavailable)
rNeg   . . .     SustAt   .     (no shield)
rPois  .         Gourm    .     (helmet restricted)
rElec  .         Spirit   .     (no cloak)
rCorr  .         Warding  .     (no gloves)
rMut   .         Stasis   .     (no boots)
MR     ++...                    (no amulet)
Stlth  ..........               (no ring)
                                k - ring of stealth

@: berserking, lethally poisoned (-5 -> -8), regenerating, very quick, very
resistant to hostile enchantments, extremely unstealthy
A: unfitting armour, cold-blooded, AC +5
a: Berserk, Trog's Hand, Burn Spellbooks, Renounce Religion


You were on level 3 of the Dungeon.
You worshipped Trog.
Trog was pleased with you.
You were hungry.

You visited 1 branch of the dungeon, and saw 3 of its levels.

You collected 116 gold pieces.

Inventory:

Hand Weapons
 a - a +0 hand axe (weapon)
Jewellery
 k - a ring of stealth (left hand)
Scrolls
 g - 7 scrolls of identify {unknown}
 j - 2 scrolls of recharging {unknown}
 m - 3 scrolls of remove curse {unknown}
 n - a scroll of immolation {unknown}
 o - a scroll of blinking {unknown}
 p - 2 scrolls of fog {unknown}
Potions
 c - a potion of haste {unknown}
 e - a potion of curing {unknown}
 h - a potion of degeneration {unknown}
 i - 2 potions of magic {unknown}
 l - 2 potions of lignification {unknown}
 q - a potion of poison {unknown}
 r - a potion of mutation {unknown}
Comestibles
 b - 3 bread rations
 d - a slice of pizza
 f - 5 fruits
 s - a meat ration


   Skills:
 * Level 4.6 Fighting
 * Level 3.9 Axes
 * Level 3.6 Dodging
 + Level 1.1 Stealth


You had 4 spell levels left.
You didn't know any spells.

Dungeon Overview and Level Annotations

Branches:
Dungeon (3/15)

Altars:
Gozag
Nemelex Xobeh


Innate Abilities, Weirdness & Mutations

Your plain brown scales are hard (AC +5).
Your body does not fit into most forms of armour.
You are cold-blooded and may be slowed by cold attacks.


Message History

You feel sick. The scorpion stings you.
* * * LOW HITPOINT WARNING * * *
You are more poisoned.
The scorpion poisons you!
You hit the scorpion but do no damage.
The scorpion is almost dead.
You feel sick. The scorpion barely misses you.
You closely miss the scorpion.
Your tail-slap misses the scorpion.
The scorpion is almost dead.
You feel sick. The scorpion stings you.
* * * LOW HITPOINT WARNING * * *
You are more poisoned.
The scorpion poisons you! The scorpion stings you!
* * * LOW HITPOINT WARNING * * *
A red film seems to cover your vision as you go berserk!
You feel yourself moving faster!
You feel mighty!
You are feeling hungry.
* * * LOW HITPOINT WARNING * * *
You feel sick. The scorpion stings you.
You die...

#.........# #
#####.........# ##
#.............# ###.
#.............# ###...
#.....>......(###.....
#....................#
#..................###
#......##........###
#....@.###..<.#### ##
####.s.# #...... #.
#...# #...... #. #...#
############. #..w+
.......'. #...#
...#####. #...#
....... #...# .......
.......


You could see a worm and a scorpion.

Vanquished Creatures
  9 adders
  An ooze (D:2)
  3 worms
  4 giant geckos
  7 hobgoblins
  4 jackals (D:2)
  A ball python (D:2)
  3 bats (D:1)
  3 giant cockroaches
  11 giant newts
  9 goblins
  5 kobolds
  5 rats
65 creatures vanquished.

Notes
Turn   | Place    | Note
--------------------------------------------------------------
     0 | D:1      | shmeve the Draconian Berserker began the quest for the Orb.
     0 | D:1      | Reached XP level 1. HP: 19/19 MP: 1/1
   217 | D:1      | Reached XP level 2. HP: 24/26 MP: 2/2
   688 | D:1      | Reached ** piety under Trog
   827 | D:2      | Reached XP level 3. HP: 19/33 MP: 3/3
  1062 | D:2      | Reached skill level 4 in Fighting
  1557 | D:2      | Reached XP level 4. HP: 20/41 MP: 4/4
  1945 | D:2      | Found a sparkling altar of Nemelex Xobeh.
  1945 | D:2      | Found an opulent altar of Gozag.
  1951 | D:2      | Reached skill level 1 in Stealth
  2464 | D:3      | Reached XP level 5. HP: 47/47 MP: 5/5
  2684 | D:3      | HP: 1/47 [scorpion (7)]
  2685 | D:3      | Slain by a scorpion

Action                   |  1- 3 |  4- 6 || total
-------------------------+-------+-------++-------
Melee: Hand axe          |   123 |    90 ||   213
Invok: Trog's Hand       |     1 |     1 ||     2
       Berserk           |       |     2 ||     2
 Stab: Sleeping          |     4 |     3 ||     7
  Eat: Chunk             |     2 |     5 ||     7
